 Dungeon Crawl Stone Soup version 0.27-a0-242-ge0fc76b88b (webtiles) character file.

Game seed: 14492358156075950375

8 knot the Chopper (level 2, 24/24 HPs)
             Began as a Demonspawn Berserker on Feb 3, 2021.
             Was a Follower of Trog.
             Quit the game on level 1 of the Dungeon.
             The game lasted 00:00:37 (361 turns).

knot the Chopper (Demonspawn Berserker)              Turns: 361, Time: 00:00:37

Health: 24/24      AC:  2    Str: 17    XL:     2   Next: 0%
Magic:  2/2        EV: 12    Int:  8    God:    Trog [*.....]
Gold:   26         SH:  0    Dex: 12    Spells: 1/1 levels left

rFire    . . .     SeeInvis .   a - +0 hand axe
rCold    . . .     Faith    .   (no shield)
rNeg     + . .     Spirit   +   b - +0 animal skin
rPois    .         Reflect  .   (no helmet)
rElec    .         Harm     .   (no cloak)
rCorr    .         Rampage  .   (no gloves)
Will     .....                  (no boots)
Stlth    +.........             e - amulet of guardian spirit
HPRegen  0.08/turn              d - ring of positive energy
MPRegen  0.08/turn              (no ring)

@: no status effects
A: foul stench 1
a: Renounce Religion, Berserk


You were on level 1 of the Dungeon.
You worshipped Trog.
Trog was aware of your devotion.
You visited 1 branch of the dungeon, and saw 1 of its levels.

You collected 26 gold pieces.

Inventory:

Hand Weapons
 a - a +0 hand axe (weapon)
Missiles
 c - 71 stones
 h - 5 atropa-tipped darts
Armour
 b - a +0 animal skin (worn)
Jewellery
 d - a ring of positive energy (left hand)
 e - an amulet of guardian spirit (around neck)
Scrolls
 f - a scroll of identify {unknown}
 g - a scroll of random uselessness {unknown}


   Skills:
 - Level 3.0 Fighting
 + Level 3.2 Axes
 - Level 1.7 Armour
 - Level 1.7 Dodging


You had one spell level left.
You didn't know any spells.
Your spell library was empty.

Dungeon Overview and Level Annotations

Branches:
Dungeon (1/15)

Altars:


Innate Abilities, Weirdness & Mutations

You may rarely emit foul miasma when damaged in melee.


Message History

You kill the dart slug!
Trog accepts your kill.
No target in view!
No target in view!
h - 5 atropa-tipped darts
c - 71 stones (gained 20)
There is an open door here.
Found a robe.
A bat comes into view.
Okay, then.
Okay, then.
The bat hits you but does no damage.
You miss the bat. The bat barely misses you.
You hit the bat.
You kill the bat!
Trog accepts your kill.
You have reached level 2!
Your demonic ancestry asserts itself...
You begin to emit a foul stench of rot and decay.
Are you sure you want to abandon this character and quit the game? (Confirm with "yes".)

.....# .....# .....#
#....## +######.....#
............#
............#
.......@...####
..............#
..............#
......[.......#
#######.......#
..###.......#
...........## ...........#
.#....................####


There were no monsters in sight!

Vanquished Creatures
  A dart slug (D:1)
  A giant cockroach (D:1)
  A hobgoblin (D:1)
  A bat (D:1)
  2 goblins (D:1)
  A rat (D:1)
7 creatures vanquished.

Notes
Turn   | Place    | Note
-------+----------+-------------------------------------------
     0 | D:1      | knot the Demonspawn Berserker began the quest for the Orb.
     0 | D:1      | Reached XP level 1. HP: 18/18 MP: 1/1
   361 | D:1      | Gained mutation: You may rarely emit foul miasma when
                  | damaged in melee. [demonic ancestry]
   361 | D:1      | Reached XP level 2. HP: 24/24 MP: 2/2
   361 | D:1      | Quit the game

Illustrated notes

Levels and vault maps discovered:
D:1:      ncdulo_halloftheorcs, layout_basic, minmay_misc_feat_room,
          minmay_3d_cube

Skill      XL: |  1 |
---------------+----+-----
Axes           | 3 |  3.2
Fighting       | |  3.0
Armour         | |  1.7
Dodging        | |  1.7

Action                   || total
-------------------------++-------
Melee: Hand axe          ||    23
Armor: Animal skin       ||     5
Dodge: Dodged            ||    13

Table legend: (Time is in decaauts)
 A = Elapsed time spent in this place.
 B = Non-inter-level travel time spent in this place.
 C = Inter-level travel time spent in this place.
 D = Time resting spent in this place.
 E = Time spent auto-exploring this place.
 F = Levels seen in this place.
 G = Mean time per level.
                   A        B        C        D        E       F      G
               +--------+--------+--------+--------+--------+-----+--------+
         Total |    364 |    364 |      0 |    163 |    145 |   1 |  364.0 |
       Dungeon |    364 |    364 |      0 |    163 |    145 |   1 |  364.0 |
               +--------+--------+--------+--------+--------+-----+--------+

Top non-repeatable levels by time:
     D:1: 364 daAuts
